 Dungeon Crawl Stone Soup version 0.30-a0-964-gd452b5e7fa (webtiles) character file.

Game seed: 1118140469742572810

1262 nagelbytes the Destroyer (level 8, 0/44 HPs)
             Began as a Tengu Conjurer on Mar 30, 2023.
             Was a Priest of Elyvilon.
             Slain by an ogre
             ... wielding a +0 giant club
              (24 damage)
             ... on level 6 of the Dungeon.
             The game lasted 00:25:04 (6026 turns).

nagelbytes the Destroyer (Tengu Conjurer)           Turns: 6026, Time: 00:25:05

Health: 0/44       AC:  5    Str:  9    XL:     8   Next: 52%
Magic:  2/16       EV: 15    Int: 20    God:    Elyvilon [***...]
Gold:   292        SH:  0    Dex: 12    Spells: 0/16 levels left

rFire   + . .      SeeInvis .    l - +0 hand axe (holy)
rCold   . . .      Faith    .    (no shield)
rNeg    . . .      Spirit   .    k - +2 robe {rF+} {fish}
rPois   .          Reflect  .    (helmet restricted)
rElec   .          Rampage  .    q - +0 cloak
rCorr   .                        (no gloves)
Will    .....                    (boots unavailable)
Stlth   ++                       (no amulet)
HPRegen 0.27/turn                (no ring)
MPRegen 0.15/turn                (no ring)

@: flying quickly and evasively, quick
A: beak, talons 3, nimble flight
a: Renounce Religion, Purification, Heal Other, Heal Self


You were on level 6 of the Dungeon.
You worshipped Elyvilon.
Elyvilon was most pleased with you.
You visited 1 branch of the dungeon, and saw 6 of its levels.

You collected 486 gold pieces.
You spent 194 gold pieces at shops.

Inventory:

Hand Weapons
 d - a +4 dagger
 l - a +0 hand axe of holy wrath (weapon)
 n - a +3 quarterstaff of chaos
Armour
 k - a +2 robe of fire resistance (worn) {fish}
 q - a +0 cloak (worn)
Jewellery
 o - an amulet of magic regeneration
Wands
 f - a wand of light (3)
Scrolls
 g - a scroll of noise
 s - 3 scrolls of enchant weapon {unknown}
Potions
 a - a potion of might
 b - 3 potions of magic
 e - a potion of resistance {unknown}
 i - a potion of flight {unknown}
 j - 2 potions of degeneration {unknown}
 m - a potion of berserk rage {unknown}
 p - 3 potions of curing {unknown}
 r - a potion of mutation {unknown}


   Skills:
 * Level 2.2 Fighting
 - Level 1.2 Short Blades
 * Level 2.0 Axes
 * Level 3.2 Dodging
 * Level 3.5 Stealth
 * Level 4.9 Spellcasting
 * Level 8.4 Conjurations
 * Level 1.6 Hexes
 * Level 1.5 Translocations
 * Level 0.5 Ice Magic
 * Level 1.6 Invocations
 * Level 1.9 Evocations


You couldn't memorise any spells.
You knew the following spells:

 Your Spells              Type           Power      Damage    Failure   Level
a - Magic Dart            Conj           100%       1d8       1%          1
b - Searing Ray           Conj           76%        2d7       1%          2
c - Dazzling Flash        Conj/Hex       50%        N/A       4%          3
d - Iskenderun's Mystic   Conj/Tloc      24%        2d7       16%         4
e - Hailstorm             Conj/Ice       22%        3d7       5%          3
f - Frozen Ramparts       Ice            14%        1d3       28%         3

Your spell library contained the following spells:

 Spells                   Type           Power      Damage    Failure   Level
 Freeze                   Ice            28%        1d5       10%         1
 Fulminant Prism          Conj/Hex       12%        3d9       14%         4


Dungeon Overview and Level Annotations

Branches:
Dungeon (6/15)             Temple (0/1) D:6

Altars:
Elyvilon

Shops:
D:2 [

Annotations:
D:6 1 runed translucent door, Bediveer's ghost, novice FoHu; Edmund


Innate Abilities, Weirdness & Mutations

You have a beak for a mouth.
You have claws for feet.
Your magical nature lets you fly swiftly and evasively.


Message History

Press: ? - help, Q - select action, (/) - cycle Shift-Dir - straight line, f/p - wight
Aim: a wight, wielding a +4 dire flail of freezing and wearing a +0 robe (severely damaged, 100% to hit)
The magic dart hits the wight but does no damage.
The wight is severely damaged.
The wight hits you with a +4 dire flail of freezing!
The wight freezes you. The wight misses you.
You barely miss the wight. Your kick misses the wight.
Your peck misses the wight. You punch the wight, but do no damage.
The wight is severely damaged.
You hit the ogre. You closely miss the wight.
The wight hits you with a +4 dire flail of freezing!
The wight freezes you. The ogre misses you. The wight misses you.
You are too injured to fight recklessly!
You are too injured to fight recklessly!
You are too injured to fight recklessly!
You are too injured to fight recklessly!
You feel much better. The wight closely misses you. x2
The ogre hits you with a +0 giant club!!
You hit the wight.
You destroy the wight!
You barely miss the wight. You hit the ogre. The wight closely misses you.
The ogre closely misses you.
Your magical contamination has completely faded away.
Your Axes skill increases to level 2!
You barely miss the wight. Your kick misses the wight.
The wight is severely damaged.
You hit the ogre but do no damage. The wight misses you.
You hit the wight but do no damage. You claw the wight, but do no damage.
The wight is severely damaged.
You hit the ogre. The wight closely misses you. The ogre misses you.
The wight hits you with a +0 flail.
You feel drained.
You hit the wight but do no damage. You peck the wight.
You destroy the wight!
You hit the ogre. The ogre barely misses you.
Your life force feels restored.
You hit the ogre.
The ogre is heavily wounded.
The ogre hits you with a +0 giant club!!
Ouch! That really hurt!
You die...

..##... .......
....... .......
.....!. .......
.8.#####O......
......)@.......
.>.8...).######
.......).#
.8.#)....#
.........#
##......?#
#.......#
#.......#


You could see an ogre.

Vanquished Creatures
  Eustachio (D:5)
  A water moccasin (D:5)
  2 ogres (D:5)
  A gnoll sergeant (D:6)
  4 wights (D:6)
  4 hounds
  2 sleepcaps
  Crazy Yiuf (D:5)
  3 iguanas
  8 adders
  8 gnolls
  A white imp (D:6)
  2 ufetubi
  3 worms
  4 dart slugs
  3 orcs
  6 ball pythons
  13 endoplasms
  A giant cockroach (D:1)
  8 goblins
  8 hobgoblins
  10 jackals
  9 kobolds
  5 quokkas
  7 bats
  4 frilled lizards
  11 rats
130 creatures vanquished.

Vanquished Creatures (others)
  23 plants (D:2)
23 creatures vanquished.

Grand Total: 153 creatures vanquished

Notes
Turn   | Place    | Note
-------+----------+-------------------------------------------
     0 | D:1      | nagelbytes the Tengu Conjurer began the quest for the Orb.
     0 | D:1      | Reached XP level 1. HP: 10/10 MP: 4/4
   205 | D:1      | Reached XP level 2. HP: 15/15 MP: 3/6
   525 | D:1      | Reached skill level 6 in Conjurations
   740 | D:1      | Reached XP level 3. HP: 19/19 MP: 4/7
  1479 | D:2      | Found Omebreka's Armour Shop.
  1495 | D:2      | Bought a +2 robe of fire resistance for 194 gold pieces
  1545 | D:2      | Learned a level 2 spell: Searing Ray
  1550 | D:2      | Learned a level 3 spell: Dazzling Flash
  1600 | D:2      | Reached XP level 4. HP: 24/24 MP: 4/8
  1989 | D:3      | Reached skill level 1 in Fighting
  2553 | D:3      | Found a faded altar of an unknown god.
  2569 | D:3      | Prayed at the altar of an unknown god.
  2569 | D:3      | Became a worshipper of Elyvilon the Healer
  2569 | D:3      | Reached * piety under Elyvilon
  2814 | D:3      | Gained mutation: Your magical nature lets you fly swiftly
                  | and evasively. [Tengu growth]
  2814 | D:3      | Reached XP level 5. HP: 29/29 MP: 4/10
  3238 | D:4      | Reached skill level 1 in Short Blades
  3276 | D:4      | Learned a level 4 spell: Iskenderun's Mystic Blast
  3712 | D:4      | Reached skill level 7 in Conjurations
  3923 | D:4      | Reached ** piety under Elyvilon
  4040 | D:4      | Identified the +6 chain mail of the Storm King {rElec rF+
                  | rCorr Int+4}
  4461 | D:4      | Reached XP level 6. HP: 34/34 MP: 7/12
  4652 | D:5      | Entered Level 5 of the Dungeon
  4860 | D:5      | Reached skill level 1 in Hexes
  4913 | D:5      | Noticed a water moccasin
  4919 | D:5      | Killed a water moccasin
  4920 | D:5      | Reached skill level 1 in Evocations
  4920 | D:5      | Reached XP level 7. HP: 11/38 MP: 7/13
  4927 | D:5      | Reached skill level 1 in Axes
  5322 | D:5      | Found a runed translucent door.
  5323 | D:5      | Noticed Crazy Yiuf
  5329 | D:5      | Killed Crazy Yiuf
  5330 | D:5      | Reached skill level 1 in Invocations
  5502 | D:5      | Reached skill level 1 in Translocations
  5596 | D:5      | Noticed Eustachio
  5599 | D:5      | Killed Eustachio
  5600 | D:5      | Reached skill level 8 in Conjurations
  5600 | D:5      | Reached XP level 8. HP: 44/44 MP: 15/15
  5606 | D:5      | Reached *** piety under Elyvilon
  5907 | D:6      | Learned a level 3 spell: Hailstorm
  5911 | D:6      | Learned a level 3 spell: Frozen Ramparts
  5994 | D:6      | Found a runed translucent door.
  5999 | D:6      | Noticed Bediveer's ghost (novice FoHu)
  6012 | D:6      | Noticed Edmund
  6013 | D:6      | Found a staircase to the Ecumenical Temple.
  6026 | D:6      | Slain by an ogre

Illustrated notes

Levels and vault maps discovered:
D:1:      onia_arrival_handbag, layout_loops_ring
D:2:      layout_loops_ring, serial_bayou, serial_bayou_lagoon_a,
          serial_bayou_shore_b, serial_bayou_crossing, serial_bayou_pond_d,
          serial_shops, shop_coins
D:3:      layout_basic, hellmonk_ecumenical_altar_dog_temple
D:4:      layout_gridville, abandoned_shop
D:5:      layout_basic, st_stairs_6, uniq_eustachio, uniq_crazy_yiuf_cottage
D:6:      layout_basic, mainiacjoe_overflow_surrounded_room,
          minmay_temple_entry_statues_pillars, ebering_ghost_sewer_d,
          minivault_27, wad_floor_pattern_untrapped, uniq_edmund,
          uniq_prince_ribbit1

Skill      XL: |  1  2  3  4  5  6  7  8 |
---------------+-------------------------+-----
Conjurations   | 6 7 8 |  8.4
Fighting       | 1 2 |  2.2
Spellcasting   | 3 4 |  4.9
Short Blades   | 1 |  1.2
Hexes          | 1 |  1.6
Evocations     | 1 |  1.9
Axes           | 1 2 |  2.0
Invocations    | 1 |  1.6
Translocations | 1 |  1.5
Dodging        | 3 |  3.2
Stealth        | 3 |  3.5
Ice Magic      | |  0.5

Action                     |  1- 3 |  4- 6 |  7- 9 || total
---------------------------+-------+-------+-------++-------
  Melee: Mace              |    11 |       |       ||    11
         Peck              |     5 |       |     4 ||     9
         Kick              |     2 |       |     3 ||     5
         Punch             |     1 |       |     1 ||     2
         Dagger            |     1 |       |       ||     1
         Hand axe          |       |       |    18 ||    18
   Cast: Magic Dart        |    64 |   133 |    28 ||   225
         Searing Ray       |       |     7 |    11 ||    18
         Hailstorm         |       |       |     2 ||     2
         Iskenderun's Myst |       |       |     1 ||     1
  Evoke: Wand              |       |     1 |     9 ||    10
    Use: Scroll            |       |     8 |     2 ||    10
         Potion            |       |       |     2 ||     2
 Armour: Robe              |     8 |     2 |     6 ||    16
  Dodge: Dodged            |    20 |    13 |    30 ||    63

Table legend: (Time is in decaauts)
 A = Elapsed time spent in this place.
 B = Non-inter-level travel time spent in this place.
 C = Inter-level travel time spent in this place.
 D = Time resting spent in this place.
 E = Time spent auto-exploring this place.
 F = Levels seen in this place.
 G = Mean time per level.
                   A        B        C        D        E       F      G
               +--------+--------+--------+--------+--------+-----+--------+
         Total |   5885 |   5779 |    106 |     95 |   4972 |   6 |  980.8 |
       Dungeon |   5885 |   5779 |    106 |     95 |   4972 |   6 |  980.8 |
               +--------+--------+--------+--------+--------+-----+--------+

Top non-repeatable levels by time:
     D:4: 1370 daAuts
     D:3: 1240 daAuts
     D:1: 1069 daAuts
     D:5: 1055 daAuts
     D:2: 894 daAuts
     D:6: 254 daAuts
